 Dungeon Crawl Stone Soup version 0.30.0-29-ga12c61a403 (webtiles) character file.

Game seed: 7408530434784736775

58 Graphine the Cudgeller (level 3, -2/42 HPs)
             Began as a Demonspawn Gladiator on June 24, 2023.
             Slain by an orc wizard
             ... wielding a +0 dagger
              (4 damage)
             ... on level 3 of the Dungeon.
             The game lasted 00:01:54 (1522 turns).

Graphine the Cudgeller (Demonspawn Gladiator)       Turns: 1522, Time: 00:01:54

Health: -2/42      AC:  3    Str: 14    XL:     3   Next: 75%
Magic:  4/4        EV: 12    Int: 11    God:
Gold:   93         SH:  0    Dex: 14    Spells: 3/3 levels left

rFire   . . .        a - +0 flail
rCold   . . .        (no shield)
rNeg    . . .        b - +0 leather armour
rPois   .            (helmet restricted)
rElec   .            (no cloak)
rCorr   .            (no gloves)
SInv    .            (no boots)
Will    .....        (no amulet) Stlth
                     (no ring)
HPRegen 0.27/turn    (no ring)
MPRegen 0.09/turn

%: no passive effects
@: berserking, very quick
A: horns 1, condensation shield
a: no special abilities


You were on level 3 of the Dungeon.
You visited 1 branch of the dungeon, and saw 3 of its levels.

You collected 93 gold pieces.

Inventory:

Hand Weapons
 a - a +0 flail (weapon)
Missiles
 d - 3 throwing nets (quivered)
 e - 6 javelins
Armour
 b - a +0 leather armour (worn)
 c - a +0 helmet
Potions
 f - a potion of heal wounds {unknown}
 i - 2 potions of lignification {unknown}
 j - a potion of magic {unknown}


   Skills:
 * Level 2.7 Fighting
 + Level 3.0 Maces & Flails
 - Level 1.7 Throwing
 + Level 2.9 Dodging
 + Level 0.7 Spellcasting
 * Level 2.3 Invocations


You had 3 spell levels left.
You didn't know any spells.
Your spell library contained the following spells:

 Spells                   Type           Power      Damage    Failure   Level
 Blink                    Tloc           0%         N/A       54%         2
 Lesser Beckoning         Tloc           0%         N/A       54%         2
 Momentum Strike          Conj/Tloc      0%         3d8       54%         2


Dungeon Overview and Level Annotations

Branches:
Dungeon (3/15)

Altars:


Innate Abilities, Weirdness & Mutations

You have a pair of small horns on your head.
A meltable shield of frost defends you. (SH +0)


Message History

The orc wizard shouts!
You headbutt the orc.
The orc is almost dead.
The orc wizard closely misses you. You block the orc's attack.
You hit the orc.
The orc is almost dead.
The orc wizard casts a spell.
The orc wizard flickers and vanishes!
Deactivating autopickup; reactivate with Ctrl-A.
The orc hits you but does no damage.
You barely miss the orc.
The orc is almost dead.
You hear some strange, mumbled words.
A puff of flame appears from out of thin air!
The puff of flame hits you!
Your condensation shield dissipates!
You closely miss the orc.
The orc is almost dead.
You hear some strange, mumbled words.
A magic dart appears from out of thin air!
The magic dart hits you! The orc hits you with a +0 club. x2
* * * LOW HITPOINT WARNING * * *
The orc wizard hits you but does no damage.
Something hits you.
* * * LOW HITPOINT WARNING * * *
Unknown command.
A red film seems to cover your vision as you go berserk!
You feel yourself moving faster!
You feel mighty! The orc wizard closely misses you.
You hear some strange, mumbled words.
A magic dart appears from out of thin air!
The magic dart hits you!
* * * LOW HITPOINT WARNING * * *
The orc misses you.
You hit the orc wizard.
The orc wizard is moderately wounded.
You barely miss the orc wizard.
The orc wizard is moderately wounded.
The orc wizard hits you with a +0 dagger.
You die...

#.#.........#
#......##....
#.###...#
#... ...
#..## ### ###
#..#
##..######
#.........
##..######
#@o# #o{#
#o.# #..#
#..# #...
#... #.###


You could see an orc wizard and 2 orcs.

Vanquished Creatures
  2 adders
  An orc (D:2)
  4 endoplasms
  2 giant cockroaches (D:2)
  4 goblins (D:1)
  2 hobgoblins
  4 jackals (D:1)
  4 kobolds
  3 quokkas
  2 bats
  6 frilled lizards
  3 rats
37 creatures vanquished.

Notes
Turn   | Place    | Note
-------+----------+-------------------------------------------
     0 | D:1      | Graphine the Demonspawn Gladiator began the quest for the
                  | Orb.
     0 | D:1      | Reached XP level 1. HP: 16/16 MP: 1/1
   237 | D:1      | Reached skill level 1 in Invocations
   245 | D:1      | Gained mutation: A meltable shield of frost defends you.
                  | (SH +0) [demonic ancestry]
   245 | D:1      | Reached XP level 2. HP: 18/22 MP: 2/2
   969 | D:2      | Gained mutation: You have a pair of small horns on your
                  | head. [demonic ancestry]
   969 | D:2      | Reached XP level 3. HP: 26/28 MP: 4/4
  1267 | D:2      | Reached skill level 3 in Maces & Flails
  1520 | D:3      | HP: 2/42 [something/magic dart (7)]
  1522 | D:3      | Slain by an orc wizard

Illustrated notes

Levels and vault maps discovered:
D:1:      nicolae_arrival_memento_mori, layout_basic, wad_floor_pattern_1
D:2:      layout_basic, kennysheep_generic_room_3
D:3:      layout_loops_ring, dreamdust_divine_triumvirate,
          lightli_temple_of_fire, minmay_misc_feat_tower, uniq_ijyb,
          uniq_terence, uniq_robin

Skill      XL: |  1  2  3 |
---------------+----------+-----
Invocations    | 1 2 |  2.3
Maces & Flails | 3 |  3.0
Fighting       | |  2.7
Throwing       | |  1.7
Dodging        | |  2.9
Spellcasting   | |  0.7

Action                     || total
---------------------------++-------
  Melee: Flail             ||   114
         Punch             ||     1
         Headbutt          ||     5
    Use: Scroll            ||     4
         Potion            ||     1
 Armour: Leather armour    ||    42
  Dodge: Dodged            ||    78
  Block: Other             ||    19
